 Dungeon Crawl Stone Soup version 0.31-a0-931-g7b59d4eb97 (webtiles) character file.

Game seed: 14205767198820134585

52720 p00ps00p the Warrior (level 14, -3/135 HPs)
             Began as a Hill Orc Fighter on Oct 19, 2023.
             Was an Initiate of Gozag.
             Killed by divine providence
             ... invoked by a meliai
              (12 damage)
             ... on level 15 of the Dungeon.
             The game lasted 00:44:51 (23493 turns).

p00ps00p the Warrior (Hill Orc Fighter)            Turns: 23493, Time: 00:44:51

Health: -3/135     AC: 29    Str: 24    XL:     14   Next: 65%
Magic:  14/14      EV:  7    Int:  8    God:    Gozag
Gold:   749        SH: 28    Dex: 13    Spells: 13/13 levels left

rFire   + + .        A - +1 broad axe (vamp)
rCold   + + .        s - +5 tower shield
rNeg    + + .        w - +5 chain mail "Vaed" {rF+ rC+}
rPois   +            o - +1 helmet {SInv}
rElec   .            B - +1 cloak of Gravitas {rF+ rN+ rCorr Stlth-}
rCorr   +            d - +1 pair of gloves {Dex+3}
SInv    +            G - +2 pair of boots
Will    +....        E - amulet "Pyuleacze" {Reflect rC+ rN+ Slay+3 SH+5} Stlth
                     f - ring of resist corrosion
HPRegen 0.42/turn    L - ring of poison resistance
MPRegen 0.14/turn

%: reflection
@: no status effects
A: talons 1
a: Renounce Religion, Potion Petition, Call Merchant, Bribe Branch


You were on level 15 of the Dungeon.
You worshipped Gozag.
Gozag was pleased with you.
You visited 3 branches of the dungeon, and saw 18 of its levels.
You also visited: Ice Cave.

You collected 5098 gold pieces.
You spent 2227 gold pieces at shops.
You paid 2122 gold pieces to Gozag.

Inventory:

Hand Weapons
 a - a +3 war axe of flaming
 e - a +0 hand axe
 q - the +10 dagger of War {freeze, Contam rN+++ Dex+2}
   (You found it on level 2 of the Dungeon)

   Dex+2:     It affects your dexterity (+2).
   rN+++:     It renders you almost immune to negative energy.
   Contam:    It causes magical contamination when unequipped.
 A - a +1 vampiric broad axe (weapon)
 C - a +4 dagger of venom
 J - a +3 falchion of flaming
 K - the +1 morningstar "Guamiym" {flame, Int+3}
   (You found it on level 11 of the Dungeon)

   Int+3:     It affects your intelligence (+3).
Missiles
 z - 3 throwing nets
 D - 3 atropa-tipped darts
Armour
 c - a +2 plate armour of poison resistance
 d - a +1 pair of gloves of dexterity (worn)
 o - a +1 helmet of see invisible (worn)
 s - a +5 tower shield (worn)
 v - a +1 scale mail of fire resistance
 w - the +5 chain mail "Vaed" (worn) {rF+ rC+}
   (You took it off an orc on level 9 of the Dungeon)

   rF+:       It protects you from fire.
   rC+:       It protects you from cold.
 B - the +1 cloak of Gravitas (worn) {rF+ rN+ rCorr Stlth-}
   (You bought it in a shop on level 8 of the Dungeon)

   rF+:       It protects you from fire.
   rN+:       It protects you from negative energy.
   rCorr:     It protects you from acid and corrosion.
   Stlth-:    It makes you less stealthy.
 F - a +4 plate armour of cold resistance
 G - a +2 pair of boots (worn)
 O - a +1 pair of gloves of dexterity
Magical Staves
 m - the staff "Globulus" {+Blink rPois rN+ Stlth+ Necro}
   (You found it on level 10 of the Dungeon)

   [staff of death]

   Base accuracy: +5 Base damage: 5 Base attack delay: 1.2 This weapon's minimum
   attack delay (0.6) is reached at skill level 12.
   rPois:     It protects you from poison rN+: It protects you from negative
   energy.
   +Blink:    It lets you blink.
   Stlth+:    It makes you more stealthy.
   Necro:     It increases the power of your Necromancy spells.
   It falls into the 'Staves' category.
   It is a one-handed weapon.
Jewellery
 f - a ring of resist corrosion (left hand)
 E - the amulet "Pyuleacze" (around neck) {Reflect rC+ rN+ Slay+3 SH+5}
   (You took it off a gnoll on level 9 of the Dungeon)

   [amulet of reflection]

   Reflect:   It reflects blocked missile attacks.
   Slay+3:    It affects your accuracy & damage with ranged weapons and melee
   (+3).
   rC+:       It protects you from cold.
   rN+:       It protects you from negative energy.
   SH+5:      It affects your SH (+5).
 L - a ring of poison resistance (right hand)
Wands
 t - a wand of paralysis (5)
 y - a wand of flame (26)
 I - a wand of polymorph (4)
 P - a wand of light (5)
Scrolls
 j - 3 scrolls of teleportation
 H - 3 scrolls of fog
 N - 3 scrolls of identify
 Q - a scroll of amnesia
Potions
 b - 2 potions of enlightenment
 g - 3 potions of invisibility
 h - 3 potions of degeneration
 i - 4 potions of curing
 k - 3 potions of brilliance
 l - 6 potions of attraction
 n - 4 potions of lignification
 r - 5 potions of berserk rage
 u - a potion of heal wounds
 x - a potion of mutation
 M - 2 potions of might
Miscellaneous
 R - a phial of floods


   Skills:
 + Level 15.4 Fighting
 - Level 9.3 Short Blades
 + Level 11.9 Axes
 + Level 14.2 Armour
 + Level 14.3 Shields


You had 13 spell levels left.
You didn't know any spells.
Your spell library contained the following spells:

 Spells                   Type           Power      Damage    Failure   Level
 Magic Dart               Conj           0%         1d3       99%         1
 Slow                     Hex            0%         N/A       99%         1
 Blink                    Tloc           0%         N/A       99%         2
 Call Imp                 Summ           0%         N/A       99%         2
 Confusing Touch          Hex            0%         N/A       100%        3
 Mephitic Cloud           Conj/Pois/Air  0%         N/A       100%        3
 Ozocubu's Armour         Ice            0%         N/A       100%        3
 Sigil of Binding         Hex            0%         N/A       100%        3
 Vampiric Draining        Necr           0%         2d6       100%        3
 Leda's Liquefaction      Hex/Erth       0%         N/A       100%        4
 Manifold Assault         Tloc           0%         N/A       100%        4
 Vhi's Electric Charge    Tloc/Air       0%         N/A       100%        4
 Alistair's Intoxication  Tmut/Pois      0%         N/A       100%        5
 Arcjolt                  Conj/Air       0%         1d10      100%        5
 Borgnjor's Vile Clutch   Necr/Erth      0%         N/A       100%        5
 Lee's Rapid Deconstruct  Erth           0%         3d4*      100%        5
 Summon Forest            Summ/Tloc      0%         N/A       100%        5
 Summon Mana Viper        Hex/Summ       0%         N/A       100%        5
 Bombard                  Conj/Erth      0%         9d1       100%        6
 Eringya's Noxious Bog    Tmut/Pois      0%         4d6       100%        6
 Plasma Beam              Fire/Air       0%         2x1d10    100%        6
 Summon Cactus Giant      Summ           0%         N/A       100%        6
 Ozocubu's Refrigeration  Ice            0%         4d7       100%        7
 Polar Vortex             Ice            0%         N/A       100%        9
 Simulacrum               Ice/Necr       Unusable   N/A       N/A         6

Dungeon Overview and Level Annotations

Branches:
Dungeon (15/15)            Temple (1/1) D:5            Lair (0/5) D:11
    Orc (2/2) D:9             Elf (0/3) Orc:2        Vaults (0/5) D:14
  IceCv (visited)
 Depths: D:15

Altars:
Ashenzari
Cheibriados
Dithmenos
Elyvilon
Fedhas
Gozag
Hepliaklqana
Kikubaaqudgha
Makhleb
Nemelex Xobeh
Okawaru
Qazlal
Ru
Sif Muna
Trog
Uskayaw
Vehumet
Wu Jian
Xom
Yredelemnul
Zin
The Shining One
Beogh

Shops:
D:6 [   D:7 [   D:8 [   D:11 *   D:14 [[(

Annotations:
D:7 2 transporters, p00ps00p's ghost, novice HOFi
Orc:2 Saint Roka


Innate Abilities, Weirdness & Mutations

You have sharp toenails.


Message History

You hit the meliai.
The meliai is moderately wounded.
You slash the meliai!
You feel better.
You slash the meliai! You block the meliai's attack. x3
The meliai stings you but does no damage.
The meliai hits you but does no damage. You block the meliai's attack.
The meliai hits you but does no damage.
The meliai stings you but does no damage.
The meliai hits you but does no damage.
The meliai stings you but does no damage.
The meliai hits you but does no damage.
The meliai stings you but does no damage.
You closely miss the meliai.
The meliai is moderately wounded.
You hit the meliai.
You feel better.
You hit the meliai.
The meliai mumbles some strange prayers to its god against you.
Something smites you!
* * * LOW HITPOINT WARNING * * *
The meliai calls upon its god to heal the meliai.
The meliai's wounds heal themselves!
You block the meliai's attack.
The meliai stings you but does no damage.
The meliai calls upon its god to heal the meliai.
The meliai is healed somewhat.
The meliai invokes the aid of its god against you.
Something smites you!
* * * LOW HITPOINT WARNING * * *
You block the meliai's attack.
The meliai stings you but does no damage.
Blink to where?
Press: ? - help, Q - select action, (/) - cycle Dir - move target
As you read the scroll of blinking, it crumbles to dust.
The meliai calls upon its god to heal the meliai.
The meliai is healed somewhat.
The meliai calls down the wrath of its god upon you.
Something smites you!
* * * LOW HITPOINT WARNING * * *
The meliai calls down the wrath of its god upon you.
Something smites you!
You die...
Your body crumbles into a pile of gold.

.........##...##...........#
#........##...##....##.....#
#+#########...##..yy########
..........#....#..y........
..........#)...#...........
..........#...##...........
..........#...##...........
..........#...##..######...
..........'...##@.# #+#
..........######..#
.<.............#..#
...............##'######
.......................#
.......................#
.......................#
.....<.................#
.....[.................#


You could see 3 meliai.

Vanquished Creatures
  An orc warlord (D:9)
  Nessos (Orc:2)
  An ettin (D:10)
  An ettin (shapeshifter) (D:10)
  A vault guard (D:14)
  A rakshasa (D:14)
  Harold (D:10)
  A hydra (D:9)
  An ogre mage (D:15)
  Erica (D:8)
  A dancing weapon (D:14)
  11 two-headed ogres
  5 centaur warriors
  A boulder beetle (D:14)
  A tengu warrior (D:13)
  Urug (Orc:2)
  Nergalle (D:9)
  An orb spider (shapeshifter) (D:15)
  5 deep elf pyromancers
  5 orc knights
  An oklob plant (D:11)
  7 ugly things
  2 cyclopes
  3 orc sorcerers
  3 ice statues (IceCv)
  Joseph (D:8)
  A gargoyle (D:14)
  2 unseen horrors (D:13)
  2 tengu conjurers (D:14)
  2 kobold demonologists
  2 freezing wraiths
  A yaktaur (D:15)
  A polar bear (D:11)
  2 hornets
  5 trolls
  Prince Ribbit (D:8)
  8 saltlings (Orc:2)
  2 dream sheep (D:9)
  4 shadows
  29 yaks
  A vampire (D:10)
  3 wyverns
  4 steam dragons
  6 wraiths
  6 vampire mosquitoes
  3 wargs (D:9)
  2 harpy simulacra (IceCv)
  2 hydra simulacra (IceCv)
  3 acid dragons
  A water moccasin (D:7)
  21 orc warriors
  3 ice beasts
  A sky beast (D:7)
  5 ogres
  A boggart (D:10)
  A wolf (D:11)
  12 centaurs
  A phantom (D:4)
  4 kobold brigands
  4 bullfrogs
  2 gnoll sergeants
  3 cane toad simulacra (IceCv)
  5 scorpions
  A two-headed ogre simulacrum (D:11)
  9 wights (D:7)
  An elephant simulacrum (IceCv)
  6 killer bees
  2 howler monkeys
  2 electric eels (D:9)
  3 hounds
  An iron imp (D:8)
  2 jellies (D:6)
  12 orc priests
  Crazy Yiuf (D:4)
  A gnoll bouda (D:5)
  5 iguanas
  10 orc wizards
  2 spriggan simulacra (D:11)
  2 wolf simulacra (IceCv)
  2 centaur simulacra
  16 gnolls
  5 adders
  A naga simulacrum (D:11)
  10 river rats (D:5)
  6 white imps
  6 ufetubi
  2 worms
  5 dart slugs
  77 orcs
  A ball python (D:1)
  6 endoplasms
  5 giant cockroaches
  6 goblins
  8 hobgoblins
  6 jackals
  6 kobolds
  10 quokkas
  7 bats
  2 frilled lizards
  A goblin skeleton (D:8)
  A goblin zombie (D:8)
  3 hobgoblin zombies (D:8)
  2 kobold skeletons (D:8)
  2 orc skeletons (D:8)
  An orc zombie (D:8)
  19 rats
491 creatures vanquished.

Vanquished Creatures (others)
  A manticore (D:12)
1 creature vanquished.

Grand Total: 492 creatures vanquished

Notes
Turn   | Place    | Note
-------+----------+-------------------------------------------
     0 | D:1      | p00ps00p the Hill Orc Fighter began the quest for the Orb.
     0 | D:1      | Reached XP level 1. HP: 19/19 MP: 1/1
    70 | D:1      | Reached XP level 2. HP: 24/27 MP: 2/2
   401 | D:1      | Reached skill level 4 in Fighting
   498 | D:1      | Reached XP level 3. HP: 23/33 MP: 3/3
   653 | D:2      | Identified the +10 dagger of War {freeze, Contam rN+++
                  | Dex+2}
  1195 | D:2      | Reached XP level 4. HP: 38/40 MP: 4/4
  1888 | D:3      | Reached skill level 1 in Short Blades
  1888 | D:3      | Reached XP level 5. HP: 47/47 MP: 5/5
  2320 | D:4      | Noticed a phantom
  2334 | D:4      | Killed a phantom
  2335 | D:4      | Reached skill level 5 in Fighting
  2335 | D:4      | Reached XP level 6. HP: 56/56 MP: 6/6
  2577 | D:4      | Reached skill level 5 in Shields
  2982 | D:4      | Reached skill level 5 in Armour
  2982 | D:4      | Reached XP level 7. HP: 50/61 MP: 7/7
  3068 | D:4      | Found a runed translucent door.
  3069 | D:4      | Noticed Crazy Yiuf
  3149 | D:4      | Killed Crazy Yiuf
  3590 | D:5      | Entered Level 5 of the Dungeon
  3934 | D:5      | Reached skill level 6 in Fighting
  4175 | D:5      | Reached XP level 8. HP: 71/71 MP: 8/8
  4517 | D:5      | Found a staircase to the Ecumenical Temple.
  4585 | D:5      | Found a stormy altar of Qazlal.
  4837 | Temple   | Entered the Ecumenical Temple
  4922 | Temple   | Became a worshipper of Gozag Ym Sagoz the Greedy
  5112 | D:6      | Found Bunori's Armour Shop.
  5118 | D:6      | Bought a +2 cloak for 198 gold pieces
  5573 | D:6      | Reached skill level 7 in Fighting
  6032 | D:7      | Reached skill level 5 in Short Blades
  6032 | D:7      | Reached XP level 9. HP: 79/79 MP: 9/9
  6155 | D:7      | Noticed a hornet
  6167 | D:7      | Killed a hornet
  6198 | D:7      | Found a blossoming altar of Fedhas.
  6201 | D:7      | Reached skill level 8 in Fighting
  6349 | D:7      | Found a transporter.
  6351 | D:7      | Found a transporter.
  6570 | D:7      | Found Yschojeu's Antique Armour Shoppe.
  6676 | D:7      | Found a snail-covered altar of Cheibriados.
  6785 | D:7      | Noticed a hornet
  6812 | D:7      | Noticed p00ps00p's ghost (novice HOFi)
  7199 | D:8      | Noticed Erica
  7211 | D:8      | Killed Erica
  7212 | D:8      | Reached skill level 9 in Fighting
  7212 | D:8      | Reached XP level 10. HP: 68/91 MP: 10/10
  7413 | D:8      | Noticed a two-headed ogre
  7429 | D:8      | Killed a two-headed ogre
  7603 | D:8      | Noticed Prince Ribbit
  7606 | D:8      | Found a glowing golden altar of the Shining One.
  7613 | D:8      | Killed Prince Ribbit
  7687 | D:8      | Found a shimmering altar of Xom.
  7894 | D:8      | Noticed Joseph
  7909 | D:8      | Killed Joseph
  8601 | D:9      | Reached skill level 10 in Fighting
  9567 | D:8      | Reached XP level 11. HP: 23/101 MP: 11/11
  9907 | D:8      | Bought an ancient cloak for 294 gold pieces
  9907 | D:8      | Identified the +1 cloak of Gravitas {rF+ rN+ rCorr Stlth-}
                  | (You bought it in a shop on level 8 of the Dungeon)
 10410 | D:9      | Noticed a two-headed ogre
 10428 | D:9      | Noticed a three-headed hydra
 10429 | D:9      | Killed a two-headed ogre
 10430 | D:9      | Reached skill level 10 in Shields
 10581 | D:8      | Reached skill level 10 in Armour
 10614 | D:9      | Identified the amulet "Pyuleacze" {Reflect rC+ rN+ Slay+3
                  | SH+5}
 10619 | D:9      | Reached skill level 11 in Fighting
 10765 | D:9      | Killed a three-headed hydra
 11014 | D:9      | Identified the +5 chain mail "Vaed" {rF+ rC+}
 11281 | D:9      | Found a staircase to the Orcish Mines.
 11461 | D:8      | Bought a shiny helmet for 232 gold pieces
 11629 | D:10     | Entered Level 10 of the Dungeon
 12069 | D:10     | Noticed Nergalle
 12477 | D:9      | Killed Nergalle
 12654 | D:10     | Noticed Harold
 12685 | D:10     | Killed Harold
 13303 | D:10     | Noticed an ettin
 13308 | D:10     | Reached XP level 12. HP: 112/112 MP: 12/12
 13834 | D:8      | Bought a pair of embroidered gloves for 232 gold pieces
 13887 | Orc:1    | Entered Level 1 of the Orcish Mines
 13919 | D:9      | Reached skill level 12 in Fighting
 14479 | D:9      | Reached skill level 5 in Axes
 14954 | Orc:1    | Noticed an orc warlord
 14955 | Orc:1    | Noticed a sun demon
 15608 | D:9      | Killed an orc warlord
 15824 | Orc:1    | Gained mutation: You have sharp toenails. [a neqoxec]
 16021 | Orc:1    | Found a roughly hewn altar of Beogh.
 16168 | D:8      | Bought a runed plate armour for 806 gold pieces
 16217 | Orc:2    | Entered Level 2 of the Orcish Mines
 16656 | Orc:2    | Noticed Nessos
 16685 | Orc:2    | Killed Nessos
 16994 | Orc:2    | Found a staircase to the Elven Halls.
 17220 | Orc:2    | Reached skill level 13 in Fighting
 17386 | Orc:2    | Noticed Urug
 17412 | Orc:2    | Killed Urug
 17413 | Orc:2    | Reached XP level 13. HP: 117/122 MP: 13/13
 17428 | Orc:2    | Noticed Saint Roka
 17561 | Orc:2    | HP: 6/122 [Saint Roka/+2 war axe of venom (23)]
 18469 | D:10     | an alligator changed into an ettin
 18469 | D:10     | Noticed an ettin (shapeshifter)
 18473 | D:10     | Killed an ettin
 18492 | D:10     | Killed an ettin
 18563 | D:10     | Identified the staff "Globulus" {+Blink rPois rN+ Stlth+
                  | Necro}
 18674 | D:11     | Found a staircase to the Lair.
 18869 | D:11     | Found a frozen archway.
 18923 | D:11     | Bought a runed broad axe for 126 gold pieces
 18923 | D:11     | Bought a scroll of teleportation for 54 gold pieces
 18929 | IceCv    | Entered an ice cave
 19763 | D:11     | Identified the +1 morningstar "Guamiym" {flame, Int+3}
 19931 | D:11     | Reached skill level 14 in Fighting
 19964 | D:11     | Found a white marble altar of Elyvilon.
 21213 | D:13     | Reached skill level 10 in Axes
 21679 | D:13     | Found a bloodstained altar of Trog.
 21690 | D:13     | Reached XP level 14. HP: 128/133 MP: 14/14
 22119 | D:14     | Found Adghotau's Weapon Shoppe.
 22218 | D:14     | Found a gate to the Vaults.
 22245 | D:14     | Reached skill level 15 in Fighting
 22749 | D:14     | Found Bon Jigo's Armour Emporium.
 22768 | D:14     | Bought a pair of embroidered gloves for 285 gold pieces
 22903 | D:15     | Entered Level 15 of the Dungeon
 22979 | D:15     | Paralysed by an ogre mage for 3 turns
 23137 | D:15     | Identified the +5 long sword of Ashenzari {speed, rPois rC+
                  | Will- MP+9}
 23172 | D:15     | Identified the +1 robe of Absolutism {rPois Will+ rCorr
                  | Dex-4}
 23493 | D:15     | Killed from afar by a meliai

Illustrated notes

Levels and vault maps discovered:
D:1:      dpeg_arrival_stone_temple_mockup, layout_basic
D:2:      layout_basic, minmay_heptomino_l4
D:3:      layout_basic, minivault_27
D:4:      layout_loops_ring, minmay_misc_feat_tower, uniq_crazy_yiuf_cottage
D:5:      lemuel_ratsnest, layout_loops_corners,
          nicolae_qazlal_scattered_showers, minmay_temple_entry_enclosed_plants
D:6:      layout_basic, serial_shops, shop
D:7:      layout_loops_ring, nicolae_overflow_hidden_temple,
          fedhas_bush_and_centaur_altar, gammafunk_ghost_hive, serial_shops,
          nicolae_shop_just_a_little_nook
D:8:      layout_basic, xom_redecorated, nicolae_tso_besieged_by_evil,
          uniq_joseph, uniq_erica, uniq_prince_ribbit1
D:9:      layout_rooms, erik_orc_2, hangedman_ranch
D:10:     layout_long_grid, wad_scary_box, uniq_harold, uniq_nergalle
D:11:     layout_long_grid, dpeg_oklobed_lair, serial_ice, serial_ice_d,
          serial_ice_a, serial_ice_e, serial_ice_n, serial_ice_b, serial_ice_f,
          portal_ice_cave_entry_ice_simulacra, elyvilon_altar_5
D:12:     layout_small_grid, minmay_microvault
D:13:     layout_basic, trog_three_pillars_becter
D:14:     layout_roguey, erik_vaults_1, chequers_serial_rivers_micro_a,
          serial_shops, nicolae_shop_real_fake_doors, shop
D:15:     hellmonk_depths_entry_around_the_bend, layout_gridville,
          wad_floor_pattern_untrapped
Temple:   minmay_crystal_spiral_temple
Orc:1:    layout_caves, basic_altar, minmay_orc_barracks
Orc:2:    hellmonk_orc_salted, layout_diamond_mine, uniq_saint_roka,
          uniq_nessos, uniq_urug

Skill      XL: |  1  2  3  4  5  6  7  8  9 10 11 12 13 14 |
---------------+-------------------------------------------+-----
Axes           | 3 7 10 11 | 11.9
Fighting       | 4 5 6 7 9 10 11 13 14 15 | 15.4
Armour         | 4 5 6 8 9 10 12 13 14 | 14.2
Shields        | 4 5 6 8 9 11 12 13 14 | 14.3
Short Blades   | 1 2 3 5 6 7 9 |  9.3

Action                     |  1- 3 |  4- 6 |  7- 9 | 10-12 | 13-15 || total
---------------------------+-------+-------+-------+-------+-------++-------
  Melee: War axe           |    44 |       |       |       |       ||    44
         Hand axe          |    59 |     1 |       |       |       ||    60
         Dagger            |       |    93 |   349 |   927 |   180 ||  1549
         Kick              |       |       |       |    71 |   103 ||   174
         Broad axe         |       |       |       |       |   404 ||   404
 Invoke: Call Merchant     |       |       |       |     1 |     2 ||     3
  Evoke: Wand              |       |       |       |    16 |     1 ||    17
    Use: Scroll            |     3 |     4 |    11 |    12 |    10 ||    40
         Potion            |       |       |       |     4 |     4 ||     8
   Stab: Invisible         |       |       |       |     1 |     2 ||     3
         Distracted        |       |       |       |     1 |       ||     1
 Armour: Scale mail        |    72 |     1 |       |       |       ||    73
         Chain mail        |       |    44 |   169 |   515 |   496 ||  1224
         Skin              |       |       |       |     6 |       ||     6
         Plate armour      |       |       |       |       |    30 ||    30
  Dodge: Dodged            |    38 |    23 |    90 |   191 |   125 ||   467
  Block: Buckler           |    29 |    41 |   119 |   348 |       ||   537
         Reflection        |       |     3 |     7 |    11 |    34 ||    55
         Tower shield      |       |       |       |   175 |   897 ||  1072

Table legend: (Time is in decaauts)
 A = Elapsed time spent in this place.
 B = Non-inter-level travel time spent in this place.
 C = Inter-level travel time spent in this place.
 D = Time resting spent in this place.
 E = Time spent auto-exploring this place.
 F = Levels seen in this place.
 G = Mean time per level.
                   A        B        C        D        E       F      G
               +--------+--------+--------+--------+--------+-----+--------+
         Total |  23219 |  21492 |   1727 |   5679 |  11372 |  19 | 1222.1 |
       Dungeon |  19982 |  18464 |   1518 |   4908 |   9995 |  15 | 1332.1 |
        Temple |    170 |      1 |    169 |      0 |      0 |   1 |  170.0 |
  Orcish Mines |   2348 |   2308 |     40 |    521 |   1181 |   2 | 1174.0 |
      Ice Cave |    717 |    717 |      0 |    250 |    196 |   1 |  717.0 |
               +--------+--------+--------+--------+--------+-----+--------+

Top non-repeatable levels by time:
     D:9: 3386 daAuts
     D:8: 3316 daAuts
    D:10: 1834 daAuts
     D:5: 1315 daAuts
     D:4: 1311 daAuts
     D:7: 1273 daAuts
   Orc:1: 1208 daAuts
    D:11: 1158 daAuts
   Orc:2: 1140 daAuts
     D:6: 968 daAuts
     D:2: 939 daAuts
    D:13: 875 daAuts
    D:14: 874 daAuts
     D:3: 815 daAuts
   IceCv: 717 daAuts
